AoeStats
← Oppy96

Arabia

505475406Analyzed
4v4 RM · 24d ago on Sep 9, 2026· 26m 17s· 8 players
Game mode
Random Map
Map size
Large (8 player)
Population
200
Speed
Normal
Resources
Standard
Victory
Conquest
Starting age
Dark Age
Ending age
Imperial Age
RankedLock teamsTeams togetherTeam positionsShared explorationLock speedFull tech treeHidden civsTurbo modeCheats
Victory
Defeat
🇨🇴 Ethiopians · Colombia
1319
+14
🇩🇪 Khmer · Germany
1307
+14
🇪🇸 Britons · Spain
1306
+14
🇺🇸 Magyars · United States
1300
+15
🇪🇸 Maya · Spain
1316
-16
🇪🇸 Vietnamese · Spain
1267
-14
🇺🇸 Britons · United States
1264
-14
🇿🇦 Teutons · South Africa
1234
-13
Kryptonknight
6:31 Loom
9:33 Feudal Age
10:03 Double-Bit Axe
11:49 Horse Collar
14:02 Fletching
17:09 Padded Archer Armor
20:04 Wheelbarrow
22:51 Castle Age
22:57 Crossbowman
23:34 Bodkin Arrow
ARipoll
6:50 Loom
9:23 Feudal Age
10:36 Double-Bit Axe
10:34 Horse Collar
12:36 Wheelbarrow
17:05 Scale Barding Armor
20:37 Bloodlines
21:57 Forging
Petit_Pois
0:31 Loom
9:36 Feudal Age
10:12 Double-Bit Axe
16:18 Fletching
22:48 Castle Age
21:05 Horse Collar
22:52 Crossbowman
23:28 Bodkin Arrow
23:34 Scale Mail Armor
23:45 Forging
23:50 Bow Saw
PcklRck
7:41 Loom
9:59 Feudal Age
11:38 Horse Collar
16:41 Scale Barding Armor
18:07 Forging
18:49 Bloodlines
23:17 Castle Age
22:15 Gold Mining
25:24 Iron Casting
25:54 Double-Bit Axe
TITO15
5:09 Loom
9:38 Feudal Age
10:27 Double-Bit Axe
14:28 Padded Archer Armor
14:31 Fletching
14:44 Padded Archer Armor
23:44 Castle Age
23:55 Crossbowman
24:41 Thumb Ring
24:58 Bodkin Arrow
我有低保我先上
6:06 Loom
9:21 Feudal Age
23:16 Castle Age
21:46 Double-Bit Axe
21:43 Horse Collar
23:28 Scale Barding Armor
25:07 Chain Barding Armor
27:26 Wheelbarrow
27:04 Bow Saw
Oppy96
5:56 Loom
10:17 Feudal Age
10:56 Double-Bit Axe
13:37 Fletching
15:53 Padded Archer Armor
18:05 Gold Mining
17:57 Horse Collar
26:12 Castle Age
25:31 Wheelbarrow
26:14 Crossbowman
26:51 Bodkin Arrow
27:11 Leather Archer Armor
fastgg
8:34 Feudal Age
9:32 Double-Bit Axe
9:28 Horse Collar
15:55 Scale Barding Armor
17:15 Bloodlines
21:10 Castle Age
19:47 Gold Mining
21:11 Forging
22:04 Bow Saw
21:56 Husbandry
22:17 Chain Barding Armor
22:25 Heavy Plow
23:30 Light Cavalry
25:05 Loom
Connection lost

Rejoining the realm…

Still unreachable

The connection could not be restored.

Session expired

The server has moved on; the page needs a fresh start.